 Dungeon Crawl Stone Soup version 0.27.1-33-g824d729ab1 (webtiles) character file.

Game seed: 8969535900238619387

49 unlimited1921 the Vexing (level 3, 0/36 HPs)
             Began as an Ogre Arcane Marksman on Dec 30, 2021.
             Slain by an adder (2 damage)
             ... on level 2 of the Dungeon.
             The game lasted 00:06:47 (1883 turns).

unlimited1921 the Vexing (Ogre Arcane Marksman)     Turns: 1883, Time: 00:06:47

Health: 0/36       AC:  4    Str: 15    XL:     3   Next: 77%
Magic:  4/4        EV:  9    Int: 14    God:
Gold:   52         SH:  0    Dex:  9    Spells: 3/4 levels left

rFire    . . .     SeeInvis .   i - +0 short sword
rCold    + . .     Faith    .   (no shield)
rNeg     . . .     Spirit   .   d - +1 robe
rPois    .         Reflect  .   (helmet restricted)
rElec    .         Harm     .   (no cloak)
rCorr    .         Rampage  .   (gloves unavailable)
Will     .....                  (boots unavailable)
Stlth    +.........             (no amulet)
HPRegen  0.12/turn              j - ring of protection from cold
MPRegen  0.09/turn              (no ring)

@: lethally poisoned (0 -> -5)
A: large, unfitting armour, tough skin 1
a: no special abilities


You were on level 2 of the Dungeon.
You visited 1 branch of the dungeon, and saw 2 of its levels.

You collected 52 gold pieces.

Inventory:

Hand Weapons
 a - a +0 hand crossbow
 i - a +0 short sword (weapon)
Armour
 d - a +1 robe (worn)
Jewellery
 j - a ring of protection from cold (left hand)
Scrolls
 b - a scroll of holy word {unknown}


   Skills:
 + Level 2.5 Fighting
 + Level 2.1 Crossbows
 + Level 1.9 Dodging
 + Level 1.2 Spellcasting
 + Level 3.2 Hexes


You had 3 spell levels left.
You knew the following spells:

 Your Spells              Type           Power      Damage    Failure   Level
a - Corona                Hex            10%        N/A       7%          1

Your spell library contained the following spells:

 Spells                   Type           Power      Damage    Failure   Level
 Slow                     Hex            9%         N/A       11%         2
 Inner Flame              Hex/Fire       5%         N/A       36%         3
 Portal Projectile        Hex/Tloc       10%        N/A       36%         3
 Cause Fear               Hex            4%         N/A       56%         4


Dungeon Overview and Level Annotations

Branches:
Dungeon (2/15)

Altars:


Innate Abilities, Weirdness & Mutations

You are too large for most types of armour.
You have tough skin. (AC +1)


Message History

The adder barely misses you.
You miss the adder.
The adder is severely wounded.
The adder bites you.
You are poisoned.
The adder poisons you! The adder bites you.
You hit the adder.
The adder is almost dead.
You feel sick. The adder bites you.
You barely miss the adder.
The adder is almost dead.
You feel sick. The adder bites you. x2
* * * LOW HITPOINT WARNING * * *
You are more poisoned.
The adder poisons you!
You hit the adder.
You kill the adder!
You feel sick.
Your Fighting skill increases to level 2!
You feel sick.
You see here an adder corpse.
You start resting.
You feel sick. x2
An endoplasm is nearby!
You feel sick.
You feel sick.
You are no longer poisoned.
The adder hisses angrily.
The endoplasm quivers.
Found a scroll labelled ECSURGH FECVA and 9 gold pieces.
You see here a scroll labelled ECSURGH FECVA.
b - a scroll labelled ECSURGH FECVA The adder bites you.
* * * LOW HITPOINT WARNING * * *
You are lethally poisoned!
The adder poisons you!
* * * LOW HITPOINT WARNING * * *
You feel sick.
* * * LOW HITPOINT WARNING * * *
You feel sick. The adder bites you.
You die...

.. .# .$# .# ..# .#
#.# .# # #.# .# ###.
#.# .#
.....##.####.#####
........J.S@.....#
##.###.####..........
#.....# ######....
#####.# #.... #J#
#..... #.# #......
#.# ####.......
#.####..<.......
#....J..(.((..!.


You could see an adder and an endoplasm.

Vanquished Creatures
  2 adders (D:2)
  A worm (D:2)
  4 ball pythons
  6 endoplasms (D:1)
  A giant cockroach (D:1)
  A goblin (D:1)
  2 hobgoblins
  2 kobolds (D:1)
  2 quokkas (D:1)
  3 bats (D:1)
  A frilled lizard (D:1)
  A rat (D:1)
26 creatures vanquished.

Notes
Turn   | Place    | Note
-------+----------+-------------------------------------------
     0 | D:1      | unlimited1921 the Ogre Arcane Marksman began the quest for
                  | the Orb.
     0 | D:1      | Reached XP level 1. HP: 19/19 MP: 2/2
   122 | D:1      | Found a faded altar of an unknown god.
   194 | D:1      | Reached skill level 3 in Hexes
   235 | D:1      | Reached XP level 2. HP: 26/27 MP: 3/3
   910 | D:1      | Reached XP level 3. HP: 35/35 MP: 4/4
  1883 | D:2      | Slain by an adder

Illustrated notes

Levels and vault maps discovered:
D:1:      lightli_arrival_lavapool, layout_loops_ring,
          ebering_ecumenical_altar_petrified, minmay_misc_feat_plants,
          chequers_avenue
D:2:      layout_loops_ring, nrook_mini_backslash, due_unseen_surprise,
          uniq_crazy_yiuf_cottage

Skill      XL: |  1  2  3 |
---------------+----------+-----
Hexes          | 3 |  3.2
Crossbows      | 2 |  2.1
Fighting       | 2 |  2.5
Dodging        | |  1.9
Spellcasting   | |  1.2

Action                   || total
-------------------------++-------
Melee: Unarmed           ||     9
       Short sword       ||    49
 Fire: Hand crossbow     ||    70
  Use: Scroll            ||     4
       Potion            ||     4
Armor: Robe              ||    37
Dodge: Dodged            ||    53
